 Dungeon Crawl Stone Soup version 0.22-a0-579-gb62a27e (webtiles) character file.

194 royokou the Conjurer (level 5, -8/28 HPs)
             Began as a Deep Elf Conjurer on July 1, 2018.
             Mangled by a red ugly thing (10 damage)
             ... on level 3 of the Dungeon.
             The game lasted 00:09:00 (2281 turns).

royokou the Conjurer (Deep Elf Conjurer)            Turns: 2281, Time: 00:09:03

Health: -8/28      AC:  5    Str:  5    XL:     5   Next: 44%
Magic:  15/23      EV: 13    Int: 21    God:
Gold:   72         SH:  0    Dex: 15    Spells: 3/13 levels left

rFire    . . .     SeeInvis .   m - +2 short sword (venom)
rCold    . . .     Gourm    +   (no shield)
rNeg     . . .     Faith    .   a - +0 robe
rPois    .         Spirit   .   (no helmet)
rElec    .         Reflect  .   (no cloak)
rCorr    .         Harm     .   (no gloves)
MR       .....                  (no boots)
Stlth    ++........             l - amulet of the gourmand
HPRegen  0.09/turn              i - +3 ring of protection
MPRegen  0.18/turn              n - ring of magical power

@: no status effects
A: no striking features
a: no special abilities


You were on level 3 of the Dungeon.
You were not hungry.

You visited 1 branch of the dungeon, and saw 3 of its levels.

You collected 72 gold pieces.

Inventory:

Hand Weapons
 b - a +0 club
 e - a +0 dagger
 m - a +2 short sword of venom (weapon)
 s - a +0 rapier
Armour
 a - a +0 robe (worn)
Jewellery
 i - a +3 ring of protection (left hand)
 l - an amulet of the gourmand (around neck)
 n - a ring of magical power (right hand)
 p - an uncursed ring of resist corrosion
 r - a +3 ring of evasion
Wands
 o - a wand of random effects (13)
Scrolls
 f - a scroll of magic mapping {unknown}
 g - 4 scrolls of identify {unknown}
 h - 4 scrolls of teleportation {unknown}
 k - a scroll of fog {unknown}
 q - 2 scrolls of fear {unknown}
 t - a scroll of remove curse {unknown}
Potions
 d - a potion of haste {unknown}
 j - a potion of resistance {unknown}
 u - a potion of ambrosia {unknown}
Comestibles
 c - 9 rations


   Skills:
 - Level 2.4 Dodging
 - Level 2.4 Stealth
 + Level 4.8 Spellcasting
 * Level 6.4 Conjurations
 + Level 2.0 Hexes


You had 3 spell levels left.
You knew the following spells:

 Your Spells              Type           Power        Failure   Level  Hunger
a - Magic Dart            Conj           ####         1%          1    None
b - Searing Ray           Conj           ####..       1%          2    None
c - Dazzling Spray        Conj/Hex       ###...       6%          3    ##.....
d - Iskenderun's Mystic   Conj           ####....     8%          4    ####...

Your spell library contained the following spells:

 Spells                   Type           Power        Failure   Level  Hunger
 Fulminant Prism          Conj/Hex       ###.......   19%         4    ####...
 Force Lance              Conj/Tloc      ###.....     28%         4    ####...


Dungeon Overview and Level Annotations

Branches:
Dungeon (3/15)

Altars:
Okawaru
Trog
Wu Jian

Annotations:
D:3 1 transporter


Message History

Press: ? - help, Shift-Dir - straight line, f - red ugly thing
Aim: a red ugly thing The orb of energy hits the red ugly thing.
The red ugly thing is lightly wounded.
The bat hits you. The red ugly thing pecks you.
You are engulfed in flames!!
Ouch! That really hurt!
* * * LOW HITPOINT WARNING * * *
Casting: Iskenderun's Mystic Blast (safe; 8% risk of failure)
Confirm with . or Enter, or press ? or * to list all spells.
Aiming: Iskenderun's Mystic Blast (safe; 8% risk of failure)
Press: ? - help, Shift-Dir - straight line, f/p - red ugly thing
Aim: a red ugly thing (lightly wounded)
The orb of energy hits the red ugly thing.
The red ugly thing is moderately wounded.
The orb of energy explodes!
The mystic blast hits the giant cockroach.
You kill the giant cockroach!
Your Hexes skill increases to level 2!
The red ugly thing pecks you!
You die...

#.# #.......# #.#.#... #.#
####....###########.#.#...
#.#######.............##.#.####
#...........#########..#.#.#
########.#.##...©...##.#.#[#
#.#.#8.#...#.8#.#.#.#
#.#.#...#.#.)$#...#.#
#...#.†b....($#...#.#
#..§#.u@....$_#©..#.#
##..#.....(.=(#..##.#
##.#...#.#.$$#.....#
#.#8.#Z..#.8#.#####
#.##.......##.# #..#########..#
##.......)...## #############


You could see a red ugly thing, a leopard gecko zombie and a bat.

Vanquished Creatures
  An ogre (D:3)
  5 adders
  A worm (D:3)
  A dart slug (D:1)
  5 leopard geckos
  An orc (D:3)
  8 bats
  4 giant cockroaches
  7 goblins
  3 hobgoblins
  4 jackals (D:3)
  9 kobolds
  4 frilled lizards
  3 rats
56 creatures vanquished.

Notes
Turn   | Place    | Note
-------+----------+-------------------------------------------
     0 | D:1      | royokou the Deep Elf Conjurer began the quest for the Orb.
     0 | D:1      | Reached XP level 1. HP: 10/10 MP: 6/6
   196 | D:1      | Reached XP level 2. HP: 15/15 MP: 2/8
   200 | D:1      | Learned a level 2 spell: Searing Ray
   509 | D:1      | Reached skill level 5 in Conjurations
   695 | D:2      | Reached XP level 3. HP: 19/19 MP: 6/10
   775 | D:2      | Found an ornate altar of the Wu Jian Council.
   885 | D:2      | Found an iron altar of Okawaru.
  1032 | D:2      | Reached XP level 4. HP: 24/24 MP: 3/12
  1038 | D:2      | Learned a level 3 spell: Dazzling Spray
  1043 | D:2      | Learned a level 4 spell: Iskenderun's Mystic Blast
  1368 | D:3      | Found a bloodstained altar of Trog.
  1368 | D:3      | Noticed a red ugly thing
  1371 | D:3      | Found a transporter.
  1380 | D:3      | Found a transporter.
  2062 | D:3      | Noticed an ogre
  2063 | D:3      | Reached skill level 6 in Conjurations
  2068 | D:3      | Killed an ogre
  2068 | D:3      | Reached skill level 1 in Hexes
  2068 | D:3      | Reached XP level 5. HP: 28/28 MP: 14/14
  2281 | D:3      | Mangled by a red ugly thing

Vault maps used:
D:1:      lightli_arrival_noodles, minmay_misc_feat_cross, serial_bayou_ford_a
D:2:      lemuel_round_altar, okawaru_metal_pillars_1_2
D:3:      gammafunk_temple_overflow_arena, first_ration, nrook_mini_vaults

Skill      XL: |  1  2  3  4  5 |
---------------+----------------+-----
Conjurations   | 5 6 |  6.4
Spellcasting   | 4 |  4.8
Hexes          | 1 2 |  2.0
Dodging        | |  2.4
Stealth        | |  2.4

Action                   |  1- 3 |  4- 6 || total
-------------------------+-------+-------++-------
Melee: Short sword       |       |     4 ||     4
 Cast: Magic Dart        |    49 |    29 ||    78
       Searing Ray       |     7 |     5 ||    12
       Iskenderun's Myst |       |     2 ||     2
  Eat: Chunk             |       |     5 ||     5
Armor: Robe              |       |     2 ||     2
Dodge: Dodged            |     1 |     7 ||     8

Table legend:
 A = Spawn XP
 B = Non-spawn XP
 C = Spawn XP percentage of total XP
 D = Spawn monster count
 E = Non-spawn monster count
 F = Spawn count percentage of total count
 G = Total turns spent on level
                    A         B        C        D         E        F      G
               +---------+---------+-------+---------+---------+-------+---------
         Total |       0 |     278 |   0.0 |       0 |      56 |   0.0 |  2281
               +---------+---------+-------+---------+---------+-------+---------
           D:1 |       0 |      26 |   0.0 |       0 |      15 |   0.0 |   588
           D:2 |       0 |      86 |   0.0 |       0 |      22 |   0.0 |   750
           D:3 |       0 |     166 |   0.0 |       0 |      19 |   0.0 |   943
               +---------+---------+-------+---------+---------+-------+---------
